 Dungeon Crawl Stone Soup version 0.27.0-1-g7a089689b8 (webtiles) character file.

Game seed: 7123701229298037501

2868 dtburroughs the Skirmisher (level 9, -1/81 HPs)
             Began as a Minotaur Berserker on Aug 8, 2021.
             Was an Elder of Trog.
             Killed from afar by an electric eel (4 damage)
             ... with a bolt of electricity
             ... on level 7 of the Dungeon.
             The game lasted 00:12:00 (8614 turns).

dtburroughs the Skirmisher (Minotaur Berserker)     Turns: 8614, Time: 00:12:00

Health: -1/81      AC: 13    Str: 22    XL:     9   Next: 47%
Magic:  8/8        EV:  6    Int:  7    God:    Trog [****..]
Gold:   316        SH: 15    Dex: 10    Spells: 8/8 levels left

rFire    + . .     SeeInvis +   w - +3 hand axe of Summer {holy, +Rage Will+}
rCold    . . .     Faith    .   x - +0 tower shield
rNeg     . . .     Spirit   .   i - +0 chain mail
rPois    .         Reflect  .   (helmet restricted)
rElec    .         Harm     .   y - +0 cloak
rCorr    .         Rampage  .   (no gloves)
Will     +....                  b - +0 pair of boots
Stlth    ..........             (no amulet)
HPRegen  0.23/turn              o - ring of protection from fire
MPRegen  0.11/turn              q - ring of see invisible

@: on berserk cooldown, slowed, very slow
A: horns 2, retaliatory headbutt
a: Renounce Religion, Evoke Berserk Rage, Berserk, Trog's Hand, Brothers in Arms


You were on level 7 of the Dungeon.
You worshipped Trog.
Trog was greatly pleased with you.
You visited 1 branch of the dungeon, and saw 7 of its levels.

You collected 316 gold pieces.

Inventory:

Hand Weapons
 a - a +0 hand axe
 w - the +3 hand axe of Summer (weapon) {holy, +Rage Will+}
   (You found it on level 6 of the Dungeon)

   It has been blessed by the Shining One to cause great damage to the undead
   and demons.
   +Rage:     It lets you go berserk.
   Will:      It increases your willpower.
Armour
 b - a +0 pair of boots (worn)
 i - a +0 chain mail (worn)
 x - a +0 tower shield (worn)
 y - a +0 cloak (worn)
Jewellery
 o - a ring of protection from fire (left hand)
 q - a ring of see invisible (right hand)
Scrolls
 c - 3 scrolls of fear
 f - a scroll of immolation {unknown}
 h - a scroll of fog {unknown}
 j - a scroll of noise {unknown}
 l - 3 scrolls of teleportation
 m - a scroll of blinking {unknown}
 p - a scroll of holy word {unknown}
 s - 3 scrolls of enchant weapon {unknown}
 t - a scroll of amnesia {unknown}
 v - 3 scrolls of enchant armour {unknown}
 z - a scroll of identify
Potions
 d - 2 potions of lignification
 e - a potion of degeneration {unknown}
 g - a potion of magic {unknown}
 k - 2 potions of curing
 n - a potion of cancellation {unknown}
 r - 2 potions of mutation
 u - a potion of brilliance {unknown}


   Skills:
 + Level 7.8 Fighting
 + Level 7.7 Axes
 + Level 7.2 Armour
 + Level 6.5 Dodging
 + Level 6.6 Shields
 + Level 2.4 Evocations


You had 8 spell levels left.
You didn't know any spells.
Your spell library was empty.

Dungeon Overview and Level Annotations

Branches:
Dungeon (7/15)             Temple (0/1) D:4

Altars:
Gozag
Hepliaklqana
Nemelex Xobeh
Vehumet
Xom
The Shining One

Annotations:
D:4 2 transporters, freelancePsychic's ghost, amateur MiAK
D:6 exclusion: statue


Innate Abilities, Weirdness & Mutations

You have a pair of horns on your head.
You reflexively headbutt those who attack you in melee.


Message History

You kill the ogre!
Trog accepts your kill.
You hit the centaur skeleton.
The centaur skeleton convulses!
The centaur skeleton is heavily damaged.
You block the centaur skeleton's attack.
The centaur skeleton kicks you but does no damage.
You slash the centaur skeleton!
The centaur skeleton convulses.
You destroy the centaur skeleton!
Trog accepts your kill.
The electric eel shoots out a bolt of lightning at you!
The bolt of electricity hits you!
* * * LOW HITPOINT WARNING * * *
Items here: ) ††††††.
You feel a strong urge to attack something.
You are no longer berserk.
You are exhausted.
You feel yourself slow down.
You slash the electric eel!
The electric eel is heavily wounded.
The electric eel shoots out a bolt of lightning at you!
The bolt of electricity hits you!
* * * LOW HITPOINT WARNING * * *
You barely miss the electric eel.
The electric eel is heavily wounded.
The electric eel shoots out a bolt of lightning at you!
The bolt of electricity hits you!
* * * LOW HITPOINT WARNING * * *
The electric eel shoots out a bolt of lightning at you!
The bolt of electricity hits you.
* * * LOW HITPOINT WARNING * * *
You closely miss the electric eel.
The electric eel is heavily wounded.
The electric eel shoots out a bolt of lightning at you!
The bolt of electricity misses you.
You miss the electric eel.
You headbutt the electric eel, but do no damage.
The electric eel is heavily wounded.
The electric eel shoots out a bolt of lightning at you!
The bolt of electricity hits you.
You die... . .≈ ♣ yy .♣≈≈≈♣ yP♣

..≈≈≈≈≈. ### .♣PP
...≈≈...♣..# ≈≈≈≈≈
.♣..P..♣...#######♣♣♣≈≈≈≈≈≈
.......... #.....♣≈≈≈P≈≈≈≈≈
(....♣#..###.##.;≈≈≈≈≈P≈≈P≈
..♣.............@♣≈≈≈≈≈≈≈≈≈
..........###.##.#≈≈♣≈≈....
........#..##.##)#.........
....(.†.##.#..##.##.....(..
#.#####.# ...##..###....≈.≈
# ##...##..###.## #.#♣≈≈≈≈
#.##..####..# #.# #.# ♣♣
#....#......# #.# #.#
#..##..###.## #.# #.#


You could see an electric eel.

Vanquished Creatures
  Prince Ribbit (D:6)
  Sigmund (D:6)
  A water moccasin (D:5)
  2 ice beasts
  A sky beast (D:7)
  5 ogres
  A centaur (D:5)
  A phantom (D:5)
  A bullfrog (D:4)
  A scorpion (D:4)
  A water moccasin skeleton (D:5)
  6 killer bees (D:7)
  5 howler monkeys
  5 jellies
  3 hounds
  An orc priest (D:3)
  Crazy Yiuf (D:6)
  2 centaur zombies
  A centaur skeleton (D:7)
  2 bullfrog skeletons
  A gnoll shaman (D:4)
  Jessica (D:2)
  2 orc wizards
  5 iguanas
  A hound zombie (D:5)
  A howler monkey zombie (D:5)
  7 gnolls
  6 adders
  2 ufetubi
  2 worms (D:2)
  3 dart slugs
  10 orcs
  7 bats
  3 endoplasms
  A giant cockroach (D:2)
  9 goblins
  2 hobgoblins (D:1)
  4 jackals (D:2)
  5 quokkas
  6 ball pythons
  7 frilled lizards
  4 kobolds
  6 rats
137 creatures vanquished.

Vanquished Creatures (others)
  A fungus (D:1)
  21 plants
22 creatures vanquished.

Grand Total: 159 creatures vanquished

Notes
Turn   | Place    | Note
-------+----------+-------------------------------------------
     0 | D:1      | dtburroughs the Minotaur Berserker began the quest for the
                  | Orb.
     0 | D:1      | Reached XP level 1. HP: 19/19 MP: 0/0
   464 | D:1      | Reached XP level 2. HP: 26/27 MP: 1/1
   600 | D:1      | Found a faded altar of an unknown god.
  1337 | D:2      | Reached XP level 3. HP: 33/33 MP: 2/2
  1344 | D:2      | Reached skill level 1 in Shields
  1500 | D:2      | Noticed Jessica
  1505 | D:2      | Killed Jessica
  1720 | D:2      | Reached XP level 4. HP: 40/40 MP: 3/3
  2002 | D:2      | Reached ** piety under Trog
  2688 | D:3      | Reached XP level 5. HP: 45/47 MP: 4/4
  3247 | D:3      | Found a hazy altar of Hepliaklqana.
  3248 | D:3      | Found a sparkling altar of Nemelex Xobeh.
  3474 | D:4      | Reached XP level 6. HP: 51/55 MP: 5/5
  3527 | D:4      | Reached skill level 5 in Fighting
  3530 | D:4      | Reached skill level 5 in Axes
  4166 | D:4      | Found a transporter.
  4173 | D:4      | Found a transporter.
  4214 | D:4      | Reached XP level 7. HP: 59/61 MP: 6/6
  4290 | D:4      | Found a glowing golden altar of the Shining One.
  4448 | D:4      | Found a staircase to the Ecumenical Temple.
  4537 | D:4      | Reached *** piety under Trog
  4807 | D:4      | Noticed freelancePsychic's ghost (amateur MiAK)
  4961 | D:5      | Entered Level 5 of the Dungeon
  5019 | D:5      | Reached skill level 5 in Armour
  6147 | D:5      | Reached skill level 5 in Dodging
  6147 | D:5      | Reached XP level 8. HP: 54/70 MP: 7/7
  6358 | D:5      | Reached skill level 5 in Shields
  6854 | D:6      | Found a radiant altar of Vehumet.
  6879 | D:6      | Noticed Sigmund
  6895 | D:6      | Killed Sigmund
  6945 | D:6      | Identified the +3 hand axe of Summer {holy, +Rage Will+}
  7333 | D:6      | Found a runed translucent door.
  7334 | D:6      | Noticed Crazy Yiuf
  7496 | D:6      | Reached skill level 1 in Evocations
  7571 | D:6      | Found an opulent altar of Gozag.
  7574 | D:6      | Noticed Prince Ribbit
  8028 | D:6      | Found a shimmering altar of Xom.
  8159 | D:6      | Killed Prince Ribbit
  8160 | D:6      | Reached XP level 9. HP: 67/79 MP: 8/8
  8243 | D:6      | Killed Crazy Yiuf
  8595 | D:7      | Reached **** piety under Trog
  8612 | D:7      | HP: 4/81 [electric eel/bolt of electricity (8)]
  8614 | D:7      | Killed from afar by an electric eel

Illustrated notes

Levels and vault maps discovered:
D:1:      evilmike_arrival_come_back, layout_basic,
          shapermc_ecumenical_altar_mp_urbaneastern
D:2:      layout_loops_ring, uniq_jessica
D:3:      layout_rooms, nicolae_overflow_hidden_temple, minmay_misc_feat_square
D:4:      layout_loops_ring, old_standard_altar, lemuel_temple_firewalk_a,
          gammafunk_ghost_gnarly_gnolls
D:5:      layout_cave_pools, eino_small_chamber_without_monster,
          wad_rectangle_vault
D:6:      layout_loops_ring, mainiacjoe_overflow_chevrons,
          nicolae_overflow_crystal_walls, vehumet_statue,
          chequers_serial_rivers_micro_b, uniq_prince_ribbit1,
          uniq_crazy_yiuf_cottage, uniq_sigmund
D:7:      layout_rooms, serial_bayou, serial_bayou_ford_a, serial_bayou_pond_a,
          serial_bayou_lake_a, serial_bayou_crossing, serial_bayou_shore_b,
          gammafunk_ghost_nasty_kobolds

Skill      XL: |  1  2  3  4  5  6  7  8  9 |
---------------+----------------------------+-----
Fighting       | 4 5 6 7 |  7.8
Axes           | 4 5 6 7 |  7.7
Shields        | 1 2 3 4 6 |  6.6
Armour         | 3 4 5 6 7 |  7.2
Dodging        | 3 4 5 6 |  6.5
Evocations     | 1 2 |  2.4

Action                   |  1- 3 |  4- 6 |  7- 9 || total
-------------------------+-------+-------+-------++-------
Melee: Hand axe          |    69 |   152 |   282 ||   503
       Headbutt          |    11 |    24 |    51 ||    86
Invok: Berserk           |     1 |     2 |     6 ||     9
       Trog's Hand       |       |     1 |     1 ||     2
  Use: Scroll            |       |       |     5 ||     5
 Stab: Sleeping          |     1 |       |       ||     1
Armor: Animal skin       |     3 |       |       ||     3
       Chain mail        |    18 |    78 |   102 ||   198
Dodge: Dodged            |    29 |    63 |    82 ||   174
Block: Buckler           |     8 |    42 |    56 ||   106
       Tower shield      |       |       |    69 ||    69
